 Dungeon Crawl Stone Soup version 0.25-a0-829-g4e6a552925 (webtiles) character file.

Game seed: 8770716049111428783, levelgen mode: deterministic

564 Arvaldir the Digger (level 7, -5/36 HPs)
             Began as a Gargoyle Earth Elementalist on Apr 21, 2020.
             Shot with an arrow by a centaur (7 damage)
             ... on level 5 of the Dungeon.
             The game lasted 00:09:20 (3443 turns).

Arvaldir the Digger (Gargoyle Earth Elementalist)   Turns: 3443, Time: 00:09:21

Health: -5/36      AC:  7    Str: 12    XL:     7   Next: 32%
Magic:  10/13      EV: 12    Int: 17    God:
Gold:   179        SH:  0    Dex: 10    Spells: 5/14 levels left

rFire    . . .     SeeInvis .   n - +2 dagger (venom)
rCold    . . .     Gourm    .   (no shield)
rNeg     + + .     Faith    .   c - +0 robe
rPois    ∞         Spirit   .   (no helmet)
rElec    +         Reflect  .   q - +0 cloak
rCorr    .         Harm     .   (no gloves)
MR       .....                  (no boots)
Stlth    ++........             (no amulet)
HPRegen  0.12/turn              a - ring of positive energy
MPRegen  0.13/turn              (no ring)

@: very slightly contaminated
A: negative energy resistance 1, electricity resistance, unbreathing,
petrification resistance, rot immunity, AC +4
a: no special abilities


You were on level 5 of the Dungeon.
You were very hungry.

You visited 1 branch of the dungeon, and saw 6 of its levels.

You collected 179 gold pieces.

Inventory:

Hand Weapons
 f - a +4 quarterstaff of chaos
 k - a +0 flail
 n - a +2 dagger of venom (weapon)
Missiles
 b - 125 stones (quivered)
Armour
 c - a +0 robe (worn)
 q - a +0 cloak (worn)
Magical Staves
 r - an uncursed staff of fire {unknown}
Jewellery
 a - a ring of positive energy (left hand)
Scrolls
 e - a scroll of immolation
 o - a scroll of identify
Potions
 i - 2 potions of berserk rage
 l - a potion of might
 p - 2 potions of lignification
Comestibles
 d - 5 rations
 s - 3 chunks of flesh


   Skills:
 - Level 1.5 Dodging
 - Level 2.1 Stealth
 + Level 4.4 Spellcasting
 + Level 4.2 Conjurations
   Level 0.7 Transmutations
 + Level 6.5 Earth Magic


You had 5 spell levels left.
You knew the following spells:

 Your Spells              Type           Power        Failure   Level  Hunger
a - Sandblast             Erth           ####..       1%          1    None
b - Stone Arrow           Conj/Erth      ###...       4%          3    ###....
c - Lee's Rapid Deconstr  Erth           ####......   28%         5    ######.

Your spell library contained the following spells:

 Spells                   Type           Power        Failure   Level  Hunger
 Passwall                 Tmut/Erth      ###.....     4%          2    ##.....
 Animate Skeleton         Necr           N/A          16%         1    None
 Apportation              Tloc           #.....       16%         1    None
 Corona                   Hex            #......      16%         1    None
 Summon Small Mammal      Summ           #...         16%         1    None
 Petrify                  Tmut/Erth      ###.....     32%         4    ####...


Dungeon Overview and Level Annotations

Branches:
Dungeon (6/15)
 Temple: D:4-7

Altars:
Ashenzari
Hepliaklqana
Kikubaaqudgha
Okawaru
The Shining One

Shops:
D:5 ?

Annotations:
D:5 Pikel


Innate Abilities, Weirdness & Mutations

You are resistant to torment.
Your stone body is resilient. (AC +4)
You are immune to poison.
You resist negative energy. (rN+)
You are resistant to electric shocks. (rElec)
You can survive without breathing.
You are immune to petrification.
You are immune to rotting.


Message History

The orc wizard gestures wildly while chanting.
The orc wizard blinks!
The centaur shoots an arrow.
The arrow hits you!
* * * LOW HITPOINT WARNING * * *
You see here an arrow.
The centaur shoots an arrow.
The arrow hits you but does no damage.
The centaur shoots an arrow.
The arrow hits you!
* * * LOW HITPOINT WARNING * * *
Things that are here:
2 arrows; an iguana corpse Unknown command.
Casting: Stone Arrow (mildly dangerous; 4% risk of failure)
Confirm with . or Enter, or press ? or * to list all spells.
Aiming: Stone Arrow (mildly dangerous; 4% risk of failure)
Press: ? - help, Shift-Dir - straight line, f - centaur
Aim: a centaur, wielding a -2 shortbow, quivering 24 arrows and carrying a wand of iceblast (10)
You miscast Stone Arrow.
You are very lightly contaminated with residual magic.
Nothing appears to happen.
The gnoll hits you but does no damage.
The centaur shoots an arrow.
The arrow hits you!
You die...

......# .....
..... .c. ...
#.# #.# #@# #g#
#K# #.# #p# #c#
#######W#####.
#...o.ggp.pp...
##.g........pp..


You could see Pikel, a phantom, 2 slaves, a gnoll sergeant, 2 centaurs and 2
gnolls.

Vanquished Creatures
  An ogre (D:4)
  A scorpion (D:4)
  A howler monkey (D:4)
  2 hounds (D:4)
  A bullfrog zombie (D:5)
  Crazy Yiuf (D:2)
  An orc wizard (D:3)
  An iguana (D:5)
  A hound skeleton (D:4)
  5 gnolls
  4 adders
  3 oozes
  An adder zombie (D:4)
  2 worms
  2 dart slugs (D:1)
  5 leopard geckos
  8 orcs
  7 bats
  A giant cockroach (D:1)
  9 goblins
  2 hobgoblins (D:1)
  14 jackals
  A ball python (D:2)
  8 frilled lizards
  A jackal skeleton (D:3)
  5 kobolds
  A quokka skeleton (D:4)
  7 rats
  2 fungi (D:2)
98 creatures vanquished.

Notes
Turn   | Place    | Note
-------+----------+-------------------------------------------
     0 | D:1      | Arvaldir the Gargoyle Earth Elementalist began the quest
                  | for the Orb.
     0 | D:1      | Reached XP level 1. HP: 10/10 MP: 3/3
   443 | D:1      | Reached XP level 2. HP: 15/15 MP: 0/5
   527 | D:1      | Reached skill level 4 in Earth Magic
   753 | D:1      | Reached XP level 3. HP: 18/19 MP: 6/6
   758 | D:1      | Learned a level 3 spell: Stone Arrow
   818 | D:1      | You fall into a shaft and drop 1 floor!
   854 | D:2      | Reached skill level 1 in Conjurations
  1162 | D:2      | Reached XP level 4. HP: 21/24 MP: 6/8
  1177 | D:2      | Found an iron altar of Okawaru.
  1177 | D:2      | Found a hazy altar of Hepliaklqana.
  1335 | D:1      | Found a shattered altar of Ashenzari.
  1623 | D:2      | Found a runed translucent door.
  1624 | D:2      | Noticed Crazy Yiuf
  1634 | D:2      | Killed Crazy Yiuf
  1634 | D:2      | Reached skill level 5 in Earth Magic
  2010 | D:3      | Reached XP level 5. HP: 23/28 MP: 9/9
  2017 | D:3      | Learned a level 5 spell: Lee's Rapid Deconstruction
  2259 | D:3      | Found a glowing golden altar of the Shining One.
  2492 | D:3      | Found an ancient bone altar of Kikubaaqudgha.
  2844 | D:4      | Reached XP level 6. HP: 17/32 MP: 8/11
  3119 | D:4      | Reached skill level 6 in Earth Magic
  3167 | D:4      | Reached XP level 7. HP: 18/36 MP: 4/13
  3352 | D:4      | You fall into a shaft and drop 2 floors!
  3395 | D:5      | Entered Level 5 of the Dungeon
  3427 | D:5      | Found Tirupu's Magic Scroll Shop.
  3430 | D:5      | Noticed Pikel
  3443 | D:5      | Shot with an arrow by a centaur

Levels and vault maps discovered:
D:1:      eino_arrival_druids_welcome, layout_rooms,
          nicolae_ashenzari_panopticon
D:2:      layout_basic, gammafunk_temple_overflow_statue, first_ration,
          uniq_crazy_yiuf_cottage
D:3:      layout_loops_ring, kiku_gazebo_garden_becter,
          nicolae_tso_carved_into_rock
D:4:      layout_cave_pods, uniq_sigmund
D:5:      layout_basic, serial_shops, nicolae_shop_competitors_out_of_business,
          shop_statue, shop, kennysheep_mini_moat, kennysheep_mini,
          uniq_prince_ribbit1, uniq_pikel
D:6:      layout_basic, vehumet_altar_wand_db

Skill      XL: |  1  2  3  4  5  6  7 |
---------------+----------------------+-----
Earth Magic    | 4 5 6 |  6.5
Conjurations   | 1 2 3 4 |  4.2
Spellcasting   | 3 4 |  4.4
Dodging        | |  1.5
Stealth        | |  2.1
Transmutations | |  0.7

Action                   |  1- 3 |  4- 6 |  7- 9 || total
-------------------------+-------+-------+-------++-------
Melee: Unarmed           |     4 |       |       ||     4
       Dagger            |    78 |   212 |    18 ||   308
 Cast: Sandblast         |    23 |    22 |     4 ||    49
       Stone Arrow       |       |     1 |     2 ||     3
       Lee's Rapid Decon |       |       |     1 ||     1
  Use: Scroll            |       |    16 |     2 ||    18
       Potion            |       |       |     3 ||     3
 Stab: Sleeping          |     3 |     5 |       ||     8
  Eat: Chunk             |     1 |     7 |       ||     8
Armor: Robe              |    37 |    73 |    18 ||   128
Dodge: Dodged            |    56 |   116 |    22 ||   194

Table legend:
 A = Non-vault XP
 B = Vault XP
 C = Vault XP percentage of total XP
 D = Non-vault monster count
 E = Vault monster count
 F = Vault count percentage of total count
                 A         B        C        D         E       F
            +---------+---------+-------+---------+---------+-------
      Total |     765 |      41 |   5.1 |      95 |       1 |   1.0
            +---------+---------+-------+---------+---------+-------
        D:1 |      62 |       0 |   0.0 |      22 |       0 |   0.0
        D:2 |      56 |      41 |  42.3 |      22 |       1 |   4.3
        D:3 |     104 |       0 |   0.0 |      22 |       0 |   0.0
        D:4 |     398 |       0 |   0.0 |      19 |       0 |   0.0
        D:5 |     141 |       0 |   0.0 |       8 |       0 |   0.0
        D:6 |       4 |       0 |   0.0 |       2 |       0 |   0.0
            +---------+---------+-------+---------+---------+-------
